 Dungeon Crawl Stone Soup version 0.21.1-1-g345015f (webtiles) character file.

123 tyranidshit the Skirmisher (level 4, -11/39 HPs)
             Began as a Demonspawn Abyssal Knight on June 20, 2018.
             Was a Believer of Lugonu.
             Mangled by an ogre
             ... wielding a +0 giant club
              (17 damage)
             ... on level 3 of the Dungeon.
             The game lasted 00:10:58 (1945 turns).

tyranidshit the Skirmisher (DsAK)                   Turns: 1945, Time: 00:10:58

Health: -11/39     AC: 10    Str: 13    XL:     4   Next: 79%
Magic:  4/5        EV:  9    Int: 14    God:    Lugonu [**....]
Gold:   88         SH:  0    Dex: 16    Spells: 3/3 levels left

rFire    . . .     SeeInvis .   m - +2 hand axe (chop)
rCold    . . .     Gourm    +   (no shield)
rNeg     . . .     Faith    .   n - +0 scale mail
rPois    .         Spirit   .   (helmet restricted)
rElec    .         Reflect  .   (no cloak)
rCorr    .         Harm     .   i - +1 pair of gloves
MR       .....                  (no boots)
Stlth    ..........             k - amulet of the gourmand
HPRegen  0.13/turn              d - +4 ring of dexterity
MPRegen  0.09/turn              (no ring)

@: no status effects
A: antennae 1, molten scales 1
a: Depart the Abyss, Bend Space, Renounce Religion


You were on level 3 of the Dungeon.
You worshipped Lugonu.
Lugonu was pleased with you.
You were not hungry.

You visited 1 branch of the dungeon, and saw 4 of its levels.
You visited the Abyss 1 time.

You collected 88 gold pieces.

Inventory:

Hand Weapons
 a - a +1 hand axe
 m - a +2 hand axe of chopping (weapon)
Missiles
 g - 12 poisoned needles
 j - 96 arrows
Armour
 i - a +1 pair of gloves (worn)
 n - a +0 scale mail (worn)
Jewellery
 d - a +4 ring of dexterity (left hand)
 k - an amulet of the gourmand (around neck)
Scrolls
 e - a scroll of remove curse
 o - 2 scrolls of identify
Potions
 f - a potion of cancellation
 l - 2 potions of curing
Comestibles
 c - 3 rations


   Skills:
 + Level 5.6 Fighting
 - Level 1.7 Axes
 - Level 1.7 Armour
 - Level 0.8 Dodging
 - Level 2.4 Invocations


You had 3 spell levels left.
You didn't know any spells.

Dungeon Overview and Level Annotations

Branches:
Dungeon (4/15)
 Temple: D:4-7

Altars:
Trog


Innate Abilities, Weirdness & Mutations

You have a pair of small antennae on your head.
You are partially covered in molten scales. (AC +2)


Message History

t - Shout!
Orders for allies: a - Attack new target. r - Retreat! s - Stop attacking. g - Guard the area. f - Follow me.
Anything else - Cancel.
Okay, then.
Throwing (i - inventory):
b - a throwing net (quivered)
Press: ? - help, Shift-Dir - straight line, f - ogre
Aim: an ogre, wielding a giant club You throw a throwing net.
The throwing net completely misses the ogre.
The throwing net hits the ooze.
The ooze is caught in the net!
The ooze is moderately wounded.
The ooze struggles against the net.
The ooze struggles against the net.
The ogre hits you with a giant club.
* * * LOW HITPOINT WARNING * * *
The ooze struggles against the net.
The ooze struggles against the net.
The ogre hits you with a giant club!
You die...

########## ######
#........#######....#
#........##.........###
#...................#..
#........##.........#..
#......................
#....O..J..............
#.....@..<...##......##
#######......##......##
#..........##.......
#........>..........
#....?..............
##+#..............#.
#.#...........#.##.
#####[#...........#.##.
#...#.#.............##.


You could see an ogre and an ooze (caught).

Vanquished Creatures
  An orc priest (D:3)
  A gnoll (D:1)
  An adder (D:3)
  An ooze (D:3)
  2 worms
  A dart slug (D:2)
  A leopard gecko (D:1)
  4 orcs
  8 bats
  2 giant cockroaches
  8 goblins
  6 hobgoblins
  4 jackals (D:2)
  6 kobolds
  A ball python (D:3)
  A frilled lizard (D:2)
  11 rats
59 creatures vanquished.

Notes
Turn   | Place    | Note
-------+----------+-------------------------------------------
     0 | Abyss:1  | tyranidshit the Demonspawn Abyssal Knight began the quest for the Orb.
     0 | Abyss:1  | Reached XP level 1. HP: 18/18 MP: 2/2
    30 | Abyss:1  | Noticed an ice devil
    33 | D:1      | Escaped the Abyss
   143 | D:1      | Gained mutation: You have a pair of small antennae on your head. [demonic ancestry]
   143 | D:1      | Reached XP level 2. HP: 10/24 MP: 3/3
   149 | D:1      | Reached * piety under Lugonu
   332 | D:1      | Reached skill level 4 in Fighting
   660 | D:1      | Reached XP level 3. HP: 6/30 MP: 4/4
   857 | D:2      | You are sucked into a shaft for 2 floors!
   888 | D:4      | Noticed an ogre
  1238 | D:2      | Found a bloodstained altar of Trog.
  1391 | D:2      | Reached ** piety under Lugonu
  1501 | D:3      | Gained mutation: You are partially covered in molten scales. (AC +2) [demonic ancestry]
  1501 | D:3      | Reached XP level 4. HP: 38/38 MP: 5/5
  1532 | D:3      | Reached skill level 5 in Fighting
  1945 | D:3      | Mangled by an ogre

Skill      XL: |  1  2  3  4 |
---------------+-------------+-----
Fighting       | 4 5 |  5.6
Axes           | |  1.7
Armour         | |  1.7
Dodging        | |  0.8
Invocations    | |  2.4

Action                   |  1- 3 |  4- 6 || total
-------------------------+-------+-------++-------
Melee: Hand axe          |   117 |    39 ||   156
Throw: Throwing net      |       |     1 ||     1
Invok: Depart the Abyss  |     1 |       ||     1
       Bend Space        |       |     2 ||     2
  Use: Scroll            |     6 |     1 ||     7
       Potion            |     4 |     1 ||     5
 Stab: Sleeping          |     2 |       ||     2
  Eat: Ration            |     1 |       ||     1
Armor: Leather armour    |    17 |       ||    17
       Ring mail         |    23 |       ||    23
       Scale mail        |     5 |    24 ||    29
Dodge: Dodged            |    90 |    35 ||   125
